 Dungeon Crawl Stone Soup version 0.27-a0-1416-g941b2bd30b (webtiles) character file.

Game seed: 17399344461368786136

74 pyrow613 the Conjurer (level 4, 0/24 HPs)
             Began as a Deep Elf Conjurer on July 1, 2021.
             Slain by an iguana (12 damage)
             ... on level 2 of the Dungeon.
             The game lasted 00:04:18 (2148 turns).

pyrow613 the Conjurer (Deep Elf Conjurer)           Turns: 2148, Time: 00:04:18

Health: 0/24       AC:  3    Str:  5    XL:     4   Next: 10%
Magic:  8/11       EV: 11    Int: 23    God:
Gold:   61         SH:  0    Dex: 13    Spells: 7/10 levels left

rFire    . . .     SeeInvis .   g - +0 whip (freeze)
rCold    . . .     Faith    .   (no shield)
rNeg     . . .     Spirit   .   i - +0 leather armour
rPois    .         Reflect  .   (no helmet)
rElec    .         Harm     .   (no cloak)
rCorr    .         Rampage  .   (no gloves)
Will     .....                  (no boots)
Stlth    ++........             (no amulet)
HPRegen  0.08/turn              (no ring)
MPRegen  0.12/turn              (no ring)

@: no status effects
A: no striking features
a: no special abilities


You were on level 2 of the Dungeon.
You visited 1 branch of the dungeon, and saw 2 of its levels.

You collected 61 gold pieces.

Inventory:

Hand Weapons
 g - a +0 whip of freezing (weapon)
 k - a +4 dagger
Armour
 d - a +1 ring mail of cold resistance
 i - a +0 leather armour (worn)
Jewellery
 e - a ring of ice
Scrolls
 b - a scroll of fear {unknown}
 c - 2 scrolls of identify {unknown}
 f - a scroll of magic mapping {unknown}
 h - a scroll of teleportation {unknown}
 j - a scroll of enchant armour {unknown}
Potions
 a - a potion of degeneration {unknown}


   Skills:
 + Level 0.1 Fighting
 + Level 0.1 Maces & Flails
 + Level 0.2 Armour
 + Level 2.7 Dodging
 + Level 2.6 Stealth
 + Level 3.5 Spellcasting
 + Level 5.6 Conjurations


You had 7 spell levels left.
You knew the following spells:

 Your Spells              Type           Power      Damage    Failure   Level
a - Magic Dart            Conj           100%       1d8       1%          1
b - Searing Ray           Conj           60%        3d5       2%          2

Your spell library contained the following spells:

 Spells                   Type           Power      Damage    Failure   Level
 Dazzling Flash           Conj/Hex       34%        N/A       17%         3
 Call Canine Familiar     Summ           4%         N/A       50%         3
 Gell's Gravitas          Tloc           2%         N/A       50%         3
 Portal Projectile        Hex/Tloc       8%         N/A       50%         3
 Teleport Other           Tloc           4%         N/A       50%         3
 Fulminant Prism          Conj/Hex       8%         3d7       50%         4
 Iskenderun's Mystic Bla  Conj/Tloc      17%        2d5       50%         4
 Cause Fear               Hex            2%         N/A       88%         4
 Leda's Liquefaction      Hex/Erth       2%         N/A       88%         4
 Dispersal                Tloc           2%         N/A       100%        6
 Dragon Form              Tmut           2%         N/A       100%        7
 Ignition                 Fire           2%         3d3       100%        8
 Dragon's Call            Summ           2%         N/A       100%        9


Dungeon Overview and Level Annotations

Branches:
Dungeon (2/15)

Altars:


Message History

a +0 dagger; a goblin skeleton A quokka comes into view.
The quokka bites you but does no damage.
You hit the quokka but do no damage. The quokka closely misses you.
You hit the quokka. You freeze the quokka.
You kill the quokka!
No target in view!
An iguana and a ball python come into view.
The ball python hisses angrily.
The iguana hisses angrily.
You hear an angry hiss.
A frilled lizard comes into view.
The iguana moves out of view.
There are monsters nearby!
The ball python bites you. The ball python misses you.
The ball python bites you but does no damage.
The ball python barely misses you.
You hit the ball python.
The ball python seems to slow down.
You freeze the ball python.
You kill the ball python!
The iguana bites you!
You see here a ball python corpse.
You are too injured to fight recklessly!
You are too injured to fight recklessly!
Unknown command.
A dart slug comes into view.
Casting: Magic Dart (safe; 1% risk of failure)
Confirm with . or Enter, or press ? or * to list all spells.
Aiming: Searing Ray (safe; 2% risk of failure)
Press: ? - help, Shift-Dir - straight line The searing ray hits the iguana.
The iguana is moderately wounded.
The searing ray hits the frilled lizard!
You kill the frilled lizard! (Press . to maintain the ray.)
The iguana barely misses you.
The searing ray hits the iguana!
The iguana is severely wounded.
The iguana bites you!
Ouch! That really hurt!
You die...

...# ##.#..#
#.÷##.######.
#### #.#.##
#............
.#
##.##.#######
.# #####....#
.# #........#
.# #.######.#
##.## #.#
#.#.#####...#
#.#
#.....†l@.?.#
#.#
###.#####...#
#.# ##### .#


You could see an iguana.

Vanquished Creatures
  Robin (D:2)
  An adder (D:1)
  A dart slug (D:1)
  4 orcs (D:2)
  A ball python (D:2)
  An endoplasm (D:2)
  3 giant cockroaches
  6 hobgoblins
  4 jackals (D:2)
  2 quokkas
  A bat (D:2)
  4 frilled lizards
  9 goblins
  3 kobolds
  A rat (D:1)
42 creatures vanquished.

Notes
Turn   | Place    | Note
-------+----------+-------------------------------------------
     0 | D:1      | pyrow613 the Deep Elf Conjurer began the quest for the Orb.
     0 | D:1      | Reached XP level 1. HP: 10/10 MP: 6/6
   440 | D:1      | Reached XP level 2. HP: 15/15 MP: 2/8
   506 | D:1      | Found a faded altar of an unknown god.
   710 | D:1      | Learned a level 2 spell: Searing Ray
   846 | D:1      | Reached skill level 5 in Conjurations
   911 | D:2      | Reached XP level 3. HP: 9/19 MP: 1/9
  1647 | D:2      | Noticed Robin
  1664 | D:2      | Killed Robin
  1965 | D:2      | Reached XP level 4. HP: 23/24 MP: 7/11
  2148 | D:2      | Slain by an iguana

Illustrated notes

Levels and vault maps discovered:
D:1:      lordsloth_arrival_two_stooges, layout_loops_corners,
          basic_ecumenical_altar
D:2:      layout_loops_ring, uniq_robin

Skill      XL: |  1  2 |
---------------+-------+-----
Conjurations   | 5 |  5.6
Fighting       | |  0.1
Maces & Flails | |  0.1
Armour         | |  0.2
Dodging        | |  2.7
Stealth        | |  2.6
Spellcasting   | |  3.5

Action                   |  1- 3 |  4- 6 || total
-------------------------+-------+-------++-------
Melee: Dagger            |     2 |       ||     2
       Whip              |    18 |     4 ||    22
 Cast: Magic Dart        |    39 |     1 ||    40
       Searing Ray       |     4 |     1 ||     5
Armor: Robe              |     1 |       ||     1
       Leather armour    |     3 |     2 ||     5
Dodge: Dodged            |    24 |     4 ||    28

Table legend: (Time is in decaauts)
 A = Elapsed time spent in this place.
 B = Non-inter-level travel time spent in this place.
 C = Inter-level travel time spent in this place.
 D = Time resting spent in this place.
 E = Time spent auto-exploring this place.
 F = Levels seen in this place.
 G = Mean time per level.
                   A        B        C        D        E       F      G
               +--------+--------+--------+--------+--------+-----+--------+
         Total |   2150 |   2126 |     24 |    472 |   1421 |   2 | 1075.0 |
       Dungeon |   2150 |   2126 |     24 |    472 |   1421 |   2 | 1075.0 |
               +--------+--------+--------+--------+--------+-----+--------+

Top non-repeatable levels by time:
     D:1: 1147 daAuts
     D:2: 1003 daAuts
